 Dungeon Sprint DCSS version 0.27-a0-385-g3208abaabc (webtiles) character file.

Game seed: 12592119962298766631

448 mhtbhm the Protected (level 6, -11/66 HPs)
             Began as a Minotaur Fighter on Feb 20, 2021.
             Was an Elder of Trog.
             Killed from afar by an efreet (23 damage)
             ... with a bolt of fire
             ... in the Dungeon (Sprint VII: "The Pits").
             The game lasted 00:01:11 (501 turns).

mhtbhm the Protected (Minotaur Fighter)              Turns: 501, Time: 00:01:12

Health: -11/66     AC: 16    Str: 22    XL:     6   Next: 73%
Magic:  5/5        EV:  6    Int:  5    God:    Trog [****..]
Gold:   0          SH: 11    Dex: 10    Spells: 5/5 levels left

rFire    . . .     SeeInvis .   a - +2 hand axe
rCold    . . .     Faith    .   c - +0 kite shield
rNeg     . . .     Spirit   .   b - +2 plate armour
rPois    .         Reflect  .   (helmet restricted)
rElec    .         Harm     .   (no cloak)
rCorr    .         Rampage  .   (no gloves)
Will     .....     NoTele   +   (no boots)
Stlth    ..........             (no amulet)
HPRegen  0.21/turn              (no ring)
MPRegen  0.09/turn              (no ring)

@: berserk cooldown
A: retaliatory headbutt, horns 2
a: Renounce Religion, Berserk, Trog's Hand, Brothers in Arms


You were in the Dungeon.
You worshipped Trog.
Trog was greatly pleased with you.
You visited 1 branch

Inventory:

Hand Weapons
 a - a +2 hand axe (weapon)
Armour
 b - a +2 plate armour (worn)
 c - a +0 kite shield (worn)
Scrolls
 j - a scroll of blinking
 l - a scroll of summoning
Potions
 d - a potion of might
 e - 4 potions of curing
 f - 3 potions of heal wounds
 g - a potion of haste
 h - 4 potions of magic
 i - 3 potions of berserk rage
 k - 2 potions of invisibility


   Skills:
 + Level 9.6 Fighting
 + Level 6.7 Axes
 + Level 10.4 Armour
 + Level 1.6 Dodging
 + Level 9.7 Shields


You had 5 spell levels left.
You didn't know any spells.
Your spell library was empty.

Dungeon Overview and Level Annotations

Branches:
Dungeon (1/1)

Altars:
Cheibriados
Dithmenos
Elyvilon
Fedhas
Gozag
Hepliaklqana
Makhleb
Nemelex Xobeh
Okawaru
Qazlal
Ru
Sif Muna
Trog
Vehumet
Wu Jian
Xom
Yredelemnul
Zin
The Shining One
Beogh
Jiyva
Lugonu


Innate Abilities, Weirdness & Mutations

You reflexively headbutt those who attack you in melee.
You have a pair of horns on your head.


Message History

You headbutt the efreet, but do no damage.
The efreet is lightly wounded.
The efreet hits you with a +0 scimitar of flaming!
* * * LOW HITPOINT WARNING * * *
The efreet burns you.
* * * LOW HITPOINT WARNING * * *
You feel much better. The efreet gestures at you. The bolt of fire hits you!!
* * * LOW HITPOINT WARNING * * *
Unknown command.
You feel much better. The efreet gestures at you.
The fireball explodes!
The fireball engulfs you!
* * * LOW HITPOINT WARNING * * *
The fireball engulfs the efreet.
The efreet completely resists.
Unknown command.
You hit the efreet but do no damage.
You headbutt the efreet, but do no damage.
The efreet is lightly wounded.
The efreet barely misses you. You furiously retaliate!
You headbutt the efreet.
You feel better.
The efreet hits you with a +0 scimitar of flaming!
* * * LOW HITPOINT WARNING * * *
The efreet burns you.
* * * LOW HITPOINT WARNING * * *
Unknown command.
You feel better.
You hit the efreet.
The efreet is lightly wounded.
The efreet hits you with a +0 scimitar of flaming!
* * * LOW HITPOINT WARNING * * *
The efreet burns you.
* * * LOW HITPOINT WARNING * * *
Unknown command.
Your ogre goes berserk!
Trog will no longer gift you weapons. The efreet gestures at you.
The bolt of fire hits you!!
You die...

#.#...)))[.##.......#
#'###########.......#
#..†....# #########
#..#.#..# #.##.##.#
#.......#+#
#.##.##.#O+
#..#.#..#R#
#.......†@#
###########


You could see an efreet (ally target) and a friendly ogre (summoned, berserk).

Vanquished Creatures
  A warg (D)
  A floating eye (D)
  A phantom (D)
  A hound (D)
  2 iron imps (D)
  A worker ant (D)
  A gnoll (D)
  An adder (D)
  2 ufetubi (D)
  An ooze (D)
  6 orcs (D)
  A giant cockroach (D)
  A giant cockroach zombie (D)
20 creatures vanquished.

Notes
Turn   | Place    | Note
-------+----------+-------------------------------------------
     0 | D        | mhtbhm the Minotaur Fighter began the quest for the Orb.
     0 | D        | Reached XP level 1. HP: 19/19 MP: 0/0
    14 | D        | Reached skill level 4 in Armour
    18 | D        | Found a bloodstained altar of Trog.
    18 | D        | Found a shimmering blue altar of Sif Muna.
    18 | D        | Found a viscous altar of Jiyva.
    18 | D        | Found a hazy altar of Hepliaklqana.
    18 | D        | Found an opulent altar of Gozag.
    19 | D        | Found a glowing golden altar of the Shining One.
    19 | D        | Found a glowing silver altar of Zin.
    19 | D        | Found a basalt altar of Yredelemnul.
    19 | D        | Found a shimmering altar of Xom.
    19 | D        | Found an ornate altar of the Wu Jian Council.
    19 | D        | Found a sacrificial altar of Ru.
    19 | D        | Found a stormy altar of Qazlal.
    19 | D        | Found an iron altar of Okawaru.
    19 | D        | Found a sparkling altar of Nemelex Xobeh.
    19 | D        | Found a burning altar of Makhleb.
    19 | D        | Found a blossoming altar of Fedhas.
    19 | D        | Found a white marble altar of Elyvilon.
    19 | D        | Found a shadowy altar of Dithmenos.
    19 | D        | Found a snail-covered altar of Cheibriados.
    21 | D        | Found a radiant altar of Vehumet.
    21 | D        | Found a corrupted altar of Lugonu.
    21 | D        | Found a roughly hewn altar of Beogh.
    23 | D        | Became a worshipper of Trog the Wrathful
    64 | D        | Noticed a worker ant
    66 | D        | Reached XP level 2. HP: 26/28 MP: 1/1
    68 | D        | Reached * piety under Trog
    69 | D        | Reached skill level 5 in Fighting
    69 | D        | Reached skill level 5 in Armour
    69 | D        | Reached skill level 5 in Shields
    69 | D        | Reached XP level 3. HP: 26/37 MP: 2/2
   294 | D        | Noticed a floating eye
   297 | D        | Reached ** piety under Trog
   299 | D        | Paralysed by a floating eye for 3 turns
   302 | D        | Killed a floating eye
   302 | D        | Reached *** piety under Trog
   303 | D        | Reached skill level 8 in Armour
   303 | D        | Reached XP level 4. HP: 42/48 MP: 3/3
   303 | D        | Reached XP level 5. HP: 46/53 MP: 4/4
   444 | D        | Noticed a phantom
   452 | D        | Killed a phantom
   453 | D        | Reached skill level 5 in Axes
   453 | D        | Reached skill level 9 in Armour
   455 | D        | Reached **** piety under Trog
   457 | D        | Reached skill level 1 in Dodging
   457 | D        | Reached XP level 6. HP: 62/62 MP: 5/5
   481 | D        | Noticed a warg
   486 | D        | Killed a warg
   486 | D        | Reached ***** piety under Trog
   487 | D        | Reached skill level 10 in Armour
   489 | D        | Noticed an efreet
   501 | D        | Killed from afar by an efreet

Illustrated notes

Levels and vault maps discovered:
D:        pitsprint [storerooms_1, entrance_room_1, metal_vault_5, armoury_1,
          mini_pit_1, grid_room_1, main_hall_1, silver_pit, the_coven_1,
          the_vestibule_1, steel_vault_2, golden_pit, hallway_of_sentries,
          crystal_vault_3, iron_vault_5, final_vault]

Skill      XL: |  1  2  3  4  5  6 |
---------------+-------------------+-----
Fighting       | 4 5 7 8 9 |  9.6
Armour         | 4 5 8 9 10 | 10.4
Shields        | 4 5 7 8 9 |  9.7
Axes           | 3 4 5 6 |  6.7
Dodging        | 1 |  1.6

Action                   |  1- 3 |  4- 6 || total
-------------------------+-------+-------++-------
Melee: Hand axe          |    17 |    28 ||    45
       Headbutt          |     6 |     8 ||    14
       War axe           |     2 |       ||     2
Invok: Berserk           |     1 |     1 ||     2
       Brothers in Arms  |       |     1 ||     1
  Use: Potion            |       |     5 ||     5
Armor: Scale mail        |     9 |       ||     9
       Plate armour      |       |    27 ||    27
Dodge: Dodged            |     7 |    10 ||    17
Block: Kite shield       |     7 |    21 ||    28

Table legend: (Time is in decaauts)
 A = Elapsed time spent in this place.
 B = Non-inter-level travel time spent in this place.
 C = Inter-level travel time spent in this place.
 D = Time resting spent in this place.
 E = Time spent auto-exploring this place.
 F = Levels seen in this place.
 G = Mean time per level.
                   A        B        C        D        E       F      G
               +--------+--------+--------+--------+--------+-----+--------+
         Total |    530 |    530 |      0 |    235 |     81 |   1 |  530.0 |
       Dungeon |    530 |    530 |      0 |    235 |     81 |   1 |  530.0 |
               +--------+--------+--------+--------+--------+-----+--------+

Top non-repeatable levels by time:
       D: 530 daAuts
